 Seeded DCSS version 0.29-a0-284-gf9362112df (webtiles) character file.

Game seed: 17446261408796097077 (custom seed)

16 ImHallYall the Skirmisher (level 2, -7/24 HPs)
             Began as a Human Abyssal Knight on Mar 24, 2022.
             Was a Follower of Lugonu.
             Killed by nerve-wracking pain
             ... invoked by an orc priest
              (11 damage)
             ... on level 3 of the Dungeon.
             The game lasted 00:06:05 (1069 turns).

ImHallYall the Skirmisher (Human Abyssal Knight)    Turns: 1069, Time: 00:06:06

Health: -7/24      AC:  3    Str: 13    XL:     2   Next: 75%
Magic:  3/3        EV: 11    Int: 10    God:    Lugonu [*.....]
Gold:   12         SH:  0    Dex: 13    Spells: 1/1 levels left

rFire   . . .      SeeInvis .   a - +3 falchion
rCold   . . .      Faith    .   (no shield)
rNeg    . . .      Spirit   .   b - +0 leather armour
rPois   .          Reflect  .   (no helmet)
rElec   .          Harm     .   (no cloak)
rCorr   .          Rampage  .   (no gloves)
Will    .....                   (no boots)
Stlth   +.........              (no amulet)
HPRegen 0.08/turn               (no ring)
MPRegen 0.08/turn               (no ring)

@: no status effects
A: no striking features
a: Renounce Religion, Depart the Abyss


You were on level 3 of the Dungeon.
You worshipped Lugonu.
Lugonu was aware of your devotion.
You visited 1 branch of the dungeon, and saw 3 of its levels.
You visited the Abyss 1 time.

You collected 12 gold pieces.

Inventory:

Hand Weapons
 a - a +3 falchion (weapon)
 d - a +0 whip
 e - a +0 hunting sling
Missiles
 c - 6 poisoned darts
Armour
 b - a +0 leather armour (worn)


   Skills:
 + Level 3.6 Fighting
 + Level 2.2 Long Blades
 + Level 2.0 Armour
 + Level 1.0 Dodging
 + Level 2.0 Invocations


You had one spell level left.
You didn't know any spells.
Your spell library contained the following spells:

 Spells                   Type           Power      Damage    Failure   Level
 Static Discharge         Conj/Air       0%         N/A       58%         2
 Dispel Undead            Necr           0%         3d6       99%         4
 Sticky Flame             Conj/Fire      0%         2d3       99%         4


Dungeon Overview and Level Annotations

Branches:
Dungeon (3/15)

Altars:

Annotations:
D:3 1 transporter


Message History

The orc misses you.
You barely miss the orc. The orc closely misses you.
You hit the orc.
The orc is heavily wounded.
The orc hits you with a +0 short sword. The orc closely misses you.
You hit the orc but do no damage.
The orc is heavily wounded.
The orc misses you. The orc hits you but does no damage.
You hit the orc.
The orc is almost dead.
The orc barely misses you. The orc hits you with a +0 short sword.
You hit the orc.
You kill the orc!
Lugonu accepts your kill. The orc hits you but does no damage.
The orc hits you with a +0 club. The orc barely misses you.
The orc attacks as you move away! The orc hits you but does no damage.
The orc attacks as you move away! The orc hits you with a +0 club.
You barely miss the orc. The orc hits you but does no damage.
You hit the orc but do no damage. The orc barely misses you.
You barely miss the orc. The orc hits you with a +0 club.
You slash the orc!
You kill the orc!
Lugonu accepts your kill.
You see here a +0 club.
You start resting.
An orc priest comes into view. It is wielding a +0 trident.
An orc priest is nearby!
An orc priest is nearby!
An orc priest is nearby!
The orc priest shouts!
The orc priest mumbles some strange prayers to Beogh against you.
Beogh smites you!
* * * LOW HITPOINT WARNING * * *
You see here a +0 club.
A jelly comes into view.
Found a glowing black potion.
The orc priest calls down the wrath of Beogh upon you.
Pain shoots through your body!
You die...

#.©#$....© #..#$.....
#..#..#8#. #..#..###. ##
#..#Z..... .. #.)#©.....
.# #..#############..###
#....................
#...)....o...@.......
###...........J..!.....
##.....#######..........
............#####.######
##.########.# ...
#.#.....<# ####
#.#.###### #.#.# ####
#.#.# #..


You could see a jelly and an orc priest.

Vanquished Creatures
  2 orcs (D:3)
  3 ball pythons
  An endoplasm (D:1)
  2 giant cockroaches (D:1)
  2 hobgoblins (D:1)
  3 frilled lizards (D:1)
  A rat (D:2)
14 creatures vanquished.

Notes
Turn   | Place    | Note
-------+----------+-------------------------------------------
     0 | Abyss:1  | ImHallYall the Human Abyssal Knight began the quest for the
                  | Orb.
     0 | Abyss:1  | Reached XP level 1. HP: 18/18 MP: 2/2
    27 | Abyss:1  | Noticed an apocalypse crab
    58 | Abyss:2  | Noticed a worldbinder
    63 | D:1      | Escaped the Abyss
   522 | D:1      | Reached XP level 2. HP: 24/24 MP: 3/3
   555 | D:1      | Reached ** piety under Lugonu
  1007 | D:3      | Found a transporter.
  1069 | D:3      | Killed from afar by an orc priest

Illustrated notes

Levels and vault maps discovered:
D:1:      dpeg_arrival_erosion, layout_basic, kennysheep_pointless_box,
          nrook_mini_vaults
D:2:      layout_basic, hellmonk_ecumenical_altar_heavens_door, basic_altar,
          uniq_sigmund
D:3:      layout_basic, gammafunk_ghost_mausoleum

Action                   || total
-------------------------++-------
Melee: Falchion          ||    42
       Punch             ||     1
Invok: Depart the Abyss  ||     1
  Use: Scroll            ||     5
       Potion            ||     1
Armor: Leather armour    ||    12
Dodge: Dodged            ||    31

Table legend: (Time is in decaauts)
 A = Elapsed time spent in this place.
 B = Non-inter-level travel time spent in this place.
 C = Inter-level travel time spent in this place.
 D = Time resting spent in this place.
 E = Time spent auto-exploring this place.
 F = Levels seen in this place.
 G = Mean time per level.
                   A        B        C        D        E       F      G
               +--------+--------+--------+--------+--------+-----+--------+
         Total |   1079 |   1079 |      0 |    369 |     91 |   5 |  215.8 |
       Dungeon |   1013 |   1013 |      0 |    369 |     78 |   3 |  337.7 |
         Abyss |     65 |     65 |      0 |      0 |     13 |   2 |   32.5 |
               +--------+--------+--------+--------+--------+-----+--------+

Top non-repeatable levels by time:
     D:1: 633 daAuts
     D:2: 256 daAuts
     D:3: 123 daAuts
 Abyss:1: 40 daAuts
 Abyss:2: 25 daAuts
